 Dungeon Crawl Stone Soup version 0.17-a0-1636-g3119f2b (webtiles) character file.

2622 karlkraus the Covert (level 9, -3/62 HPs)
             Began as an Octopode Monk on Aug 5, 2015.
             Was a Follower of Ru.
             Slain by an ice beast (5 damage)
             ... on level 7 of the Dungeon.
             The game lasted 00:18:50 (6493 turns).

karlkraus the Covert (Octopode Monk)                Turns: 6493, Time: 00:18:50

Health: -3/62      AC:  1    Str: 13    XL:     9   Next: 60%
Magic:  9/9        EV: 16    Int: 12    God:    Ru [*.....]
Gold:   420        SH:  0    Dex: 15    Spells: 0 memorised, 8 levels left

rFire  . . .     SeeInvis .       - Unarmed
rCold  . . .     Clarity  .     (no shield)
rNeg   . . .     SustAt   .     (helmet restricted)
rPois  .         Gourm    .     (no amulet)
rElec  .         Spirit   .     (no ring)
rCorr  .         Warding  .     (no ring)
rMut   .         Stasis   .     (no ring)
MR     .....                    (no ring)
Stlth  ++++++....               (no ring)
                                (no ring)
                                (no ring)
                                (no ring)

@: not resistant to hostile enchantments, very stealthy
A: almost no armour, amphibious, 8 rings, constrict 8, camouflage 1, breathe
flames 1, gelatinous body 1, subdued magic 1, magic vulnerability 1
a: Renounce Religion, Breathe Fire


You were on level 7 of the Dungeon.
You worshipped Ru.
Ru was aware of your devotion.
You were hungry.

You visited 1 branch of the dungeon, and saw 7 of its levels.

You collected 420 gold pieces.

Inventory:

Magical devices
 e - a wand of magic darts (13)
 n - a wand of cold (5)
Scrolls
 b - 3 scrolls of teleportation
 c - a scroll of recharging {unknown}
 g - a scroll of remove curse {unknown}
 h - a scroll of enchant weapon {unknown}
 j - 3 scrolls of magic mapping {unknown}
 m - a scroll of noise {unknown}
 o - a scroll of random uselessness {unknown}
 p - a scroll of blinking {unknown}
 s - a scroll of fear {unknown}
 v - a scroll of enchant armour {unknown}
 x - 3 scrolls of amnesia {unknown}
 y - a scroll of fog {unknown}
Potions
 d - 2 potions of agility
 f - 2 potions of curing
 i - a potion of lignification
 k - a potion of magic
 q - a potion of brilliance
 r - a potion of flight
 w - 2 potions of heal wounds
Books
 l - a book of Clouds

   Spells                             Type                      Level
   a - Mephitic Cloud                 Conjuration/Poison/Air       3
   b - Conjure Flame                  Conjuration/Fire             3
   c - Poisonous Cloud                Conjuration/Poison/Air       6
   d - Freezing Cloud                 Conjuration/Ice/Air          6
   e - Ring of Flames                 Charms/Fire                  7
Comestibles
 a - 5 bread rations
 t - 2 meat rations


   Skills:
 + Level 5.7 Fighting
 + Level 7.2 Dodging
 + Level 10.6 Stealth
 + Level 7.7 Unarmed Combat


You had 8 spell levels left.
You didn't know any spells.

Dungeon Overview and Level Annotations

Branches:
Dungeon (7/15)             Temple (0/1) D:7

Altars:
Elyvilon
Fedhas
Gozag
Kikubaaqudgha
Nemelex Xobeh
Okawaru
Qazlal
Ru
Sif Muna
Vehumet
The Shining One


Innate Abilities, Weirdness & Mutations

You cannot wear most types of armour.
You are amphibious.
You can wear up to eight rings at the same time.
You can use your tentacles to constrict eight enemies at once.
Your skin changes colour to match your surroundings (Stealth).
Your rubbery body absorbs attacks (AC +1).
You are slightly vulnerable to magic.
You can breathe flames.
Your spells are a little easier to cast, but a little less powerful.


Message History

* * * LOW HITPOINT WARNING * * *
You are too injured to fight recklessly!
You are too injured to fight recklessly!
The ice beast hits you.
* * * LOW HITPOINT WARNING * * *
The ice beast freezes you!
* * * LOW HITPOINT WARNING * * *
You tentacle-slap the ice beast but do no damage.
The ice beast is almost dead.
The ice beast closely misses you.
You closely miss the ice beast. Your squeeze misses the ice beast.
The ice beast is almost dead.
You closely miss the ice beast.
The ice beast is almost dead.
The ice beast hits you but does no damage.
You tentacle-slap the ice beast but do no damage.
You squeeze the ice beast, but do no damage.
The ice beast is almost dead.
The ice beast hits you.
You die...

### #####.# #.....#
#.###.# #.# #.# ## #
#.# #.######## #(
#..#.#.###......... #.
#.....@Y...#######. #.
##.#.#.###.# #. ...#+#
#.# #. .... #.#######.
#. ..... #>........ #.
#... #.#####.#. #.
#.....#####.#####.# #.
#.............# #.
###+#########.#######..
#.


You could see an ice beast.

Vanquished Creatures
  The ghost of Zebulonius the Cleaver, an experienced MiBe of Trog (D:6)
  The ghost of thrall606 the Conjurer, an experienced DsCj (D:5)
  Eustachio (D:6)
  A hippogriff (D:7)
  A sky beast (D:6)
  A centaur (D:6)
  An ogre (D:4)
  A phantom (D:5)
  An ice beast (D:6)
  A crocodile (D:7)
  2 giant frogs
  3 scorpions
  2 crimson imps
  A giant frog zombie (D:6)
  A hound (D:7)
  2 centaur zombies (D:6)
  6 orc priests
  2 orc wizards
  A centaur skeleton (D:4)
  9 worker ants
  An iguana (D:6)
  A hound zombie (D:7)
  9 adders
  A white imp (D:7)
  A worm (D:2)
  2 giant geckos
  20 orcs
  5 bats
  4 giant cockroaches
  10 goblins
  3 hobgoblins
  6 kobolds
  A quokka (D:7)
  3 giant newts
  2 goblin skeletons (D:7)
  2 goblin zombies (D:7)
  3 hobgoblin zombies (D:7)
  2 jackals (D:1)
  2 kobold zombies (D:7)
  An orc skeleton (D:7)
  A quokka skeleton (D:4)
  6 rats
125 creatures vanquished.

Notes
Turn   | Place    | Note
--------------------------------------------------------------
     0 | D:1      | karlkraus the Octopode Monk began the quest for the Orb.
     0 | D:1      | Reached XP level 1. HP: 16/16 MP: 1/1
    82 | D:1      | Reached XP level 2. HP: 17/21 MP: 2/2
   514 | D:2      | Found a deep blue altar of Sif Muna.
   534 | D:2      | Reached XP level 3. HP: 21/26 MP: 3/3
   667 | D:2      | Found a faded altar to an unknown god.
  1420 | D:3      | Reached XP level 4. HP: 31/31 MP: 4/4
  1548 | D:3      | Found a white marble altar of Elyvilon.
  1967 | D:3      | Found a stormy altar of Qazlal.
  2438 | D:4      | Found an iron altar of Okawaru.
  2439 | D:4      | Found a sacrificial altar of Ru.
  2439 | D:4      | Found a blossoming altar of Fedhas.
  2441 | D:4      | Found a white marble altar of Elyvilon.
  2441 | D:4      | Found an ancient bone altar of Kikubaaqudgha.
  2441 | D:4      | Noticed a giant frog
  2443 | D:4      | Found a radiant altar of Vehumet.
  2444 | D:4      | Found a sparkling altar of Nemelex Xobeh.
  2450 | D:4      | Killed a giant frog
  2450 | D:4      | Reached skill level 5 in Stealth
  2450 | D:4      | Reached XP level 5. HP: 18/36 MP: 5/5
  2652 | D:4      | Became a worshipper of Ru the Awakened
  2664 | D:4      | Reached skill level 5 in Unarmed Combat
  2667 | D:4      | Gained mutation: You are slightly vulnerable to magic. [Ru sacrifice]
  2667 | D:4      | Acquired Ru's first power
  2807 | D:4      | Reached XP level 6. HP: 36/42 MP: 6/6
  2930 | D:4      | Found an opulent altar of Gozag.
  3029 | D:4      | Noticed an ogre
  3036 | D:4      | Killed an ogre
  3036 | D:4      | Reached skill level 6 in Stealth
  3558 | D:5      | Entered Level 5 of the Dungeon
  3702 | D:5      | Reached skill level 7 in Stealth
  3702 | D:5      | Reached XP level 7. HP: 42/47 MP: 7/7
  3833 | D:5      | Noticed thrall606's ghost (experienced DsCj)
  3864 | D:5      | Killed thrall606's ghost
  3864 | D:5      | Reached skill level 5 in Dodging
  3864 | D:5      | Reached skill level 8 in Stealth
  4160 | D:5      | Reached XP level 8. HP: 28/54 MP: 8/8
  4576 | D:5      | Gained mutation: You are agile. (Dex +2) [potion of mutation]
  4576 | D:5      | Lost mutation: You are agile. (Dex +2) [potion of mutation]
  4576 | D:5      | Gained mutation: Your spells are a little easier to cast, but a little less powerful. [potion of mutation]
  4577 | D:5      | Gained mutation: You can breathe flames. [potion of beneficial mutation]
  4744 | D:6      | Noticed Zebulonius's ghost (experienced MiBe)
  4761 | D:6      | HP: 4/81 [Zebulonius's ghost (9)]
  4767 | D:6      | Killed Zebulonius's ghost
  4767 | D:6      | Reached skill level 5 in Fighting
  4767 | D:6      | Reached skill level 9 in Stealth
  5202 | D:6      | Reached XP level 9. HP: 56/61 MP: 9/9
  5250 | D:6      | Noticed Eustachio
  5259 | D:6      | Killed Eustachio
  5401 | D:6      | Reached skill level 10 in Stealth
  5713 | D:7      | Found a glowing golden altar of the Shining One.
  6387 | D:7      | Found a staircase to the Ecumenical Temple.
  6489 | D:7      | HP: 1/62 [ice beast (14)]
  6493 | D:7      | Slain by an ice beast

Vault maps used:
D:1:      minmay_arrival_stone_box
D:2:      lemuel_round_altar, ecumenical_altar_2, lemuel_flame_loot_1
D:3:      grunt_qazlal_sundering, elyvilon_altar_4
D:4:      kennysheep_mini_moat, grunt_temple_overflow_open,
          kennysheep_generic_room_3
D:5:      first_bread
D:6:      uniq_eustachio
D:7:      nicolae_tso_besieged_by_evil, minmay_temple_entry_large_hall

Action                   |  1- 3 |  4- 6 |  7- 9 || total
-------------------------+-------+-------+-------++-------
Melee: Unarmed           |    71 |    67 |   224 ||   362
Invok: Sacrifice Essence |       |     1 |       ||     1
       Reject Sacrifices |       |       |     1 ||     1
  Use: Scroll            |       |     6 |     1 ||     7
       Potion            |       |     5 |    10 ||    15
 Stab: Sleeping          |    10 |    16 |    17 ||    43
       Distracted        |       |       |     1 ||     1
  Eat: Chunk             |       |     7 |     2 ||     9
       Royal jelly       |       |     1 |       ||     1
       Meat ration       |       |       |     1 ||     1
       Beef jerky        |       |       |     1 ||     1
